 Dungeon Crawl Stone Soup version 0.27-a0-1456-gf5a116941d (webtiles) character file.

Game seed: 18108841084193619089

252 Lavandula the Cutter (level 5, 0/35 HPs)
             Began as a Vampire Enchanter on July 6, 2021.
             Slain by a wyvern skeleton (15 damage)
             ... on level 4 of the Dungeon.
             The game lasted 00:06:41 (2957 turns).

Lavandula the Cutter (Vampire Enchanter)            Turns: 2957, Time: 00:06:42

Health: 0/35       AC:  2    Str:  7    XL:     5   Next: 89%
Magic:  9/9        EV: 12    Int: 19    God:
Gold:   125        SH:  0    Dex: 14    Spells: 1/10 levels left

rFire    . . .     SeeInvis +   a - +1 dagger
rCold    . . .     Faith    .   (no shield)
rNeg     . . .     Spirit   .   b - +0 robe
rPois    .         Reflect  .   (no helmet)
rElec    .         Harm     .   (no cloak)
rCorr    .         Rampage  .   (no gloves)
Will     .....                  (no boots)
Stlth    +++.......             (no amulet)
HPRegen  0.31/turn              (no ring)
MPRegen  0.11/turn              (no ring)

@: healing quickly
A: alive, fangs 3, see invisible, vampiric 2
a: Exsanguinate


You were on level 4 of the Dungeon.
You visited 1 branch of the dungeon, and saw 4 of its levels.

You collected 125 gold pieces.

Inventory:

Hand Weapons
 a - a +1 dagger (weapon)
Armour
 b - a +0 robe (worn)
Scrolls
 d - a scroll of immolation {unknown}
 f - a scroll of fear {unknown}
 g - a scroll of identify {unknown}
 i - 2 scrolls of teleportation {unknown}
 j - a scroll of fog {unknown}
 m - a scroll of summoning {unknown}
 n - a scroll of amnesia {unknown}
 p - a scroll of holy word {unknown}
Potions
 c - 2 potions of flight {unknown}
 e - a potion of lignification {unknown}
 h - 2 potions of resistance {unknown}
 k - a potion of heal wounds {unknown}
 l - 2 potions of curing {unknown}
 o - a potion of degeneration {unknown}


   Skills:
 - Level 5.8 Short Blades
 - Level 2.1 Dodging
 - Level 4.4 Stealth
 + Level 3.0 Spellcasting
 - Level 4.5 Hexes


You had one spell level left.
You knew the following spells:

 Your Spells              Type           Power      Damage    Failure   Level
a - Corona                Hex            22%        N/A       2%          1
b - Ensorcelled Hibernat  Hex/Ice        22%        N/A       9%          2
c - Tukima's Dance        Hex            20%        N/A       7%          3
d - Dazzling Flash        Conj/Hex       22%        N/A       19%         3

Your spell library contained the following spells:

 Spells                   Type           Power      Damage    Failure   Level
 Animate Skeleton         Necr           4%         N/A       16%         1
 Apportation              Tloc           4%         N/A       16%         1
 Sting                    Tmut/Pois      8%         1d3       16%         1
 Summon Small Mammal      Summ           8%         N/A       16%         1
 Confusing Touch          Hex            20%        N/A       7%          3
 Poisonous Vapours        Pois/Air       4%         N/A       22%         2
 Leda's Liquefaction      Hex/Erth       5%         N/A       52%         4
 Iskenderun's Mystic Bla  Conj/Tloc      2%         2d3       83%         4
 Olgreb's Toxic Radiance  Pois           2%         N/A       83%         4
 Invisibility             Hex            10%        N/A       98%         6
 Alistair's Intoxication  Tmut/Pois      1%         N/A       99%         5
 Bolt of Magma            Conj/Fire/Erth 1%         4d4       99%         5
 Starburst                Conj/Fire      1%         8x6d3     100%        6
 Statue Form              Tmut/Erth      1%         N/A       100%        6


Dungeon Overview and Level Annotations

Branches:
Dungeon (4/15)
 Temple: D:4-7

Altars:

Shops:
D:1 [

Annotations:
D:3 2 runed translucent doors, Sage1700's ghost, amateur HuFi


Innate Abilities, Weirdness & Mutations

Your natural rate of healing is accelerated.
You have razor-sharp teeth.
You have supernaturally acute eyesight. (SInv)
You are afflicted with vampirism and can become a bat while bloodless.


Message History

The orc hits you with a +0 hand axe.
You hit the orc. You bite the orc.
You kill the orc!
You see here a +0 hand axe.
Things that are here:
a +0 hand axe; a +0 dagger; an orc corpse
There is a stone staircase leading down here.
You start resting.
HP restored.
You start resting.
Magic restored.
Unknown command.
You climb downwards.
There is a stone staircase leading up, spattered with blood here.
A wyvern skeleton is nearby!
A wyvern skeleton is nearby!
Casting: Ensorcelled Hibernation (safe; 9% risk of failure)
Confirm with . or Enter, or press ? or * to list all spells.
You can't see any susceptible monsters within range! (Use Z to cast anyway.) Unknown command.
The wyvern skeleton barely misses you.
There is a stone staircase leading up here.
You hit the wyvern skeleton.
The wyvern skeleton is lightly damaged.
The wyvern skeleton bites you.
You hit the wyvern skeleton. You bite the wyvern skeleton.
The wyvern skeleton is lightly damaged.
The wyvern skeleton bites you!
You hit the wyvern skeleton.
The wyvern skeleton is moderately damaged.
The wyvern skeleton bites you.
You hit the wyvern skeleton. You bite the wyvern skeleton.
The wyvern skeleton is moderately damaged.
The wyvern skeleton barely misses you.
You hit the wyvern skeleton but do no damage.
The wyvern skeleton is moderately damaged.
The wyvern skeleton bites you!
You are too injured to fight recklessly!
The wyvern skeleton bites you!
You die...

#..## ####...
# #.....##.#
#......#.#
####........#
##
#...$.....###
#.
#...........#
#.
#.....#.###.#
#. #@Z...#.#.o
.. #.
#.....#.#.#
###.
#######.#.#
#.. #...#.###
#..
#.#.#.#.#.##..
#......(..##..
#...#.######.#
###.#........#
#............#


You could see a wyvern skeleton.

Vanquished Creatures
  An ogre (D:3)
  An orc priest (D:3)
  6 adders
  3 worms
  3 dart slugs
  7 orcs
  5 endoplasms
  2 giant cockroaches (D:2)
  6 goblins
  5 hobgoblins
  A jackal (D:2)
  6 kobolds
  A quokka (D:1)
  3 ball pythons
  6 bats
  5 frilled lizards
  4 rats
65 creatures vanquished.

Vanquished Creatures (collateral kills)
  A jackal (D:3)
1 creature vanquished.

Grand Total: 66 creatures vanquished

Notes
Turn   | Place    | Note
-------+----------+-------------------------------------------
     0 | D:1      | Lavandula the Vampire Enchanter began the quest for the
                  | Orb.
     0 | D:1      | Reached XP level 1. HP: 13/13 MP: 3/3
    20 | D:1      | Found Fawoske's Antique Armour Shop.
   214 | D:1      | Reached skill level 2 in Short Blades
   239 | D:1      | Reached XP level 2. HP: 19/19 MP: 5/5
   242 | D:1      | Learned a level 2 spell: Ensorcelled Hibernation
   251 | D:1      | Found a faded altar of an unknown god.
   505 | D:2      | Reached skill level 3 in Short Blades
   564 | D:2      | Gained mutation: You are afflicted with vampirism and can
                  | become a bat while bloodless. [Vampire growth]
   564 | D:2      | Reached XP level 3. HP: 6/24 MP: 3/6
   829 | D:2      | Learned a level 3 spell: Tukima's Dance
   907 | D:2      | Reached skill level 4 in Short Blades
   987 | D:2      | Reached XP level 4. HP: 28/30 MP: 5/7
  1511 | D:3      | Noticed an ogre
  1734 | D:3      | Found a runed translucent door.
  1738 | D:3      | Noticed Sage1700's ghost (amateur HuFi)
  1774 | D:3      | Killed an ogre
  1775 | D:3      | Reached skill level 5 in Short Blades
  1775 | D:3      | Reached XP level 5. HP: 35/35 MP: 2/8
  2028 | D:3      | Found a runed translucent door.
  2784 | D:3      | Learned a level 3 spell: Dazzling Flash
  2957 | D:4      | Slain by a wyvern skeleton

Illustrated notes

Levels and vault maps discovered:
D:1:      dpeg_arrival_short_road, layout_rooms, serial_shops, shop,
          shapermc_ecumenical_altar_mp_ritualfount
D:2:      minmay_general_purpose_star, layout_basic, solitary_fountain,
          hangedman_feature_mirror, minmay_bisected
D:3:      layout_basic, ebering_ghost_sewer_f
D:4:      layout_basic

Skill      XL: |  1  2  3  4  5 |
---------------+----------------+-----
Short Blades   | 2 3 4 5 |  5.8
Spellcasting   | 3 |  3.0
Dodging        | |  2.1
Stealth        | |  4.4
Hexes          | |  4.5

Action                   |  1- 3 |  4- 6 || total
-------------------------+-------+-------++-------
Melee: Dagger            |    90 |   120 ||   210
       Bite              |     5 |    14 ||    19
 Cast: Ensorcelled Hiber |     7 |    19 ||    26
       Tukima's Dance    |       |     1 ||     1
 Stab: Sleeping          |    16 |    16 ||    32
       Distracted        |     1 |       ||     1
Armor: Robe              |    10 |    16 ||    26
Dodge: Dodged            |    36 |    61 ||    97

Table legend: (Time is in decaauts)
 A = Elapsed time spent in this place.
 B = Non-inter-level travel time spent in this place.
 C = Inter-level travel time spent in this place.
 D = Time resting spent in this place.
 E = Time spent auto-exploring this place.
 F = Levels seen in this place.
 G = Mean time per level.
                   A        B        C        D        E       F      G
               +--------+--------+--------+--------+--------+-----+--------+
         Total |   2922 |   2689 |    233 |    419 |   1678 |   4 |  730.5 |
       Dungeon |   2922 |   2689 |    233 |    419 |   1678 |   4 |  730.5 |
               +--------+--------+--------+--------+--------+-----+--------+

Top non-repeatable levels by time:
     D:3: 1177 daAuts
     D:2: 1166 daAuts
     D:1: 463 daAuts
     D:4: 115 daAuts
